 Dungeon Crawl Stone Soup version 0.22-a0-429-g97ce8ef (webtiles) character file.

228 Gorglomux the Sneak (level 5, 0/21 (28) HPs)
             Began as a Spriggan Berserker on May 25, 2018.
             Was an Initiate of Okawaru.
             Slain by a black bear (11 damage)
             ... created by the rage of Trog
             ... on level 4 of the Dungeon.
             The game lasted 00:09:15 (5609 turns).

Gorglomux the Sneak (Spriggan Berserker)            Turns: 5609, Time: 00:09:16

HP:   0/21 (28)     AC:  2    Str: 13 (14) XL:     5   Next: 71%
MP:   7/7           EV: 20    Int:  8      God:    Okawaru [......]
Gold: 189           SH:  0    Dex: 16      Spells: 4/4 levels left

rFire    + . .     SeeInvis +   b - +1 hunting sling (freeze)
rCold    . . .     Gourm    .   (shield restricted)
rNeg     . . .     Faith    .   d - +0 animal skin
rPois    .         Spirit   .   (helmet restricted)
rElec    .         Reflect  .   (no cloak)
rCorr    .         Harm     .   (gloves unavailable)
MR       .....                  (boots unavailable)
Stlth    +++.......             (no amulet)
HPRegen  0.07/turn              f - ring of protection from fire
MPRegen  0.10/turn              (no ring)

@: about to teleport, very quick
A: very small, unfitting armour, see invisible, herbivore, speed 3, slow
metabolism 2
a: Renounce Religion


You were on level 4 of the Dungeon.
You worshipped Okawaru.
Okawaru was noncommittal.
You were hungry.

You visited 1 branch of the dungeon, and saw 4 of its levels.

You collected 189 gold pieces.

Inventory:

Hand Weapons
 a - a +0 short sword
 b - a +1 hunting sling of freezing (weapon)
Missiles
 i - 25 stones (quivered)
Armour
 d - a +0 animal skin (worn)
Jewellery
 f - a ring of protection from fire (left hand)
Wands
 S - a wand of scattershot (5)
Scrolls
 j - 2 scrolls of enchant weapon {unknown}
 k - a scroll of magic mapping {unknown}
 m - a scroll of identify {unknown}
 p - a scroll of enchant armour {unknown}
 T - 4 scrolls of teleportation
Potions
 o - a potion of degeneration {unknown}
 U - a potion of curing {unknown}
 V - a potion of heal wounds {unknown}
Comestibles
 c - 3 rations


   Skills:
 - Level 3.6 Fighting
 - Level 3.2 Short Blades
 - Level 4.4 Dodging
 - Level 6.7 Stealth
 + Level 1.7 Evocations


You had 4 spell levels left.
You didn't know any spells.
Your spell library was empty.

Dungeon Overview and Level Annotations

Branches:
Dungeon (4/15)
 Temple: D:4-7

Altars:
Okawaru
Qazlal
Xom

Annotations:
D:3 Natasha, Robin
D:4 Gorglomux's ghost, amateur SpBe


Innate Abilities, Weirdness & Mutations

You are very small and have problems with some larger weapons.
You are too small for most types of armour.
You have supernaturally acute eyesight. (SInv)
You are a herbivore.
You cover ground extremely quickly.
You need to consume almost no food.


Message History

Press: ? - help, Shift-Dir - straight line, f/p - frilled lizard
Aim: a frilled lizard You shoot a stone!
The stone hits the black bear but does no butt!
Firing (i - inventory)
i - 26 stones (quivered)
Press: ? - help, Shift-Dir - straight line, f/p - black bear
Aim: a black bear (berserk, fast, unusually strong, durably summoned)
You shoot a stone! The stone hits the black bear!
The stone freezes the black bear!
The black bear is lightly wounded!
The black butt bites you! The black bear butts you! The black bear misses you!
The black bear rages!
The frilled lizard completely misses butt!
The black bear closely misses you! The black butt misses you!
The black bear completely misses you!
You are feeling butt!
As you read the scroll of teleportation, butt crumbles to dust!
You feel strangely butt! The black bear bites you!!!
DANG rip

####....###.#####.###.
...........#.........
#..(..........#.###.
+...................
#............>.†....
#..l.hh.......#.....
#...h.#####.......#.
#..hh.# #.......#.
#..@.## #.......#.
#....# #.......##
#....# #.......#
#....# #.......#
#....# ######


You could see a polar bear (berserk), 4 black bears and a frilled lizard.

Vanquished Creatures
  A black bear (D:2)
  A jelly (D:3)
  Ijyb (D:3)
  Natasha (D:3)
  6 adders
  A worm (D:2)
  3 dart slugs
  5 leopard geckos
  An orc (D:3)
  4 giant cockroaches
  7 goblins
  9 hobgoblins
  15 jackals
  A quokka (D:2)
  A ball python (D:3)
  11 bats
  3 frilled lizards
  4 kobolds
  6 rats
81 creatures vanquished.

Notes
Turn   | Place    | Note
-------+----------+-------------------------------------------
     0 | D:1      | Gorglomux the Spriggan Berserker began the quest for the Orb.
     0 | D:1      | Reached XP level 1. HP: 11/11 MP: 2/2
   316 | D:1      | Fell from the grace of Trog
   445 | D:1      | Reached skill level 1 in Stealth
   447 | D:1      | Reached skill level 2 in Stealth
   716 | D:1      | Reached XP level 2. HP: 16/16 MP: 3/3
   733 | D:1      | Reached skill level 3 in Stealth
  1269 | D:1      | Reached skill level 4 in Stealth
  1539 | D:1      | Reached XP level 3. HP: 14/16 MP: 4/4
  2637 | D:2      | Reached skill level 5 in Stealth
  2819 | D:2      | Noticed a black bear
  2819 | D:2      | Noticed a polar bear
  2819 | D:2      | Noticed a black bear
  2819 | D:2      | Noticed a polar bear
  3072 | D:2      | Reached skill level 6 in Stealth
  3072 | D:2      | Reached XP level 4. HP: 16/16 MP: 5/5
  3087 | D:2      | Found an iron altar of Okawaru.
  3095 | D:2      | Found a stormy altar of Qazlal.
  3100 | D:2      | Found a shimmering altar of Xom.
  3111 | D:2      | Became a worshipper of Warmaster Okawaru
  3244 | D:2      | Killed a black bear
  4197 | D:3      | Reached skill level 3 in Fighting
  4197 | D:3      | Reached XP level 5. HP: 21/21 MP: 6/6
  4200 | D:3      | Noticed Robin
  4220 | D:3      | Noticed a polar bear
  4220 | D:3      | Noticed a black bear
  4220 | D:3      | Noticed a polar bear
  4220 | D:3      | Noticed a polar bear
  4220 | D:3      | Noticed a black bear
  4223 | D:3      | Noticed Natasha
  4240 | D:3      | Killed Natasha
  4482 | D:3      | Noticed Natasha
  4549 | D:3      | Noticed Ijyb
  4576 | D:3      | Killed Ijyb
  4807 | D:3      | Reached skill level 1 in Evocations
  5208 | D:3      | Noticed a black bear
  5208 | D:3      | Noticed a polar bear
  5208 | D:3      | Noticed a black bear
  5208 | D:3      | Noticed a black bear
  5208 | D:3      | Noticed a polar bear
  5589 | D:4      | Noticed Gorglomux's ghost (amateur SpBe)
  5604 | D:4      | Noticed a black bear
  5604 | D:4      | Noticed a polar bear
  5604 | D:4      | Noticed a black bear
  5604 | D:4      | Noticed a black bear
  5604 | D:4      | Noticed a black bear
  5609 | D:4      | Slain by a black bear

Vault maps used:
D:1:      grunt_arrival_crossed_arrows
D:2:      minitemple, first_ration
D:3:      uniq_robin, uniq_natasha, uniq_ijyb
D:4:      tso_altar, lightli_temple_of_fire, serial_shops, nicolae_shop_crystal,
          uniq_pikel

Skill      XL: |  1  2  3  4  5 |
---------------+----------------+-----
Stealth        | 2 4 6 |  6.7
Fighting       | 3 |  3.6
Evocations     | 1 |  1.7
Short Blades   | |  3.2
Dodging        | |  4.4

Action                   |  1- 3 |  4- 6 || total
-------------------------+-------+-------++-------
Melee: Short sword       |   145 |    71 ||   216
       Unarmed           |       |     8 ||     8
 Fire: Hunting sling     |    23 |    93 ||   116
Invok: Renounce Religion |     1 |       ||     1
  Use: Potion            |       |     3 ||     3
       Scroll            |       |     2 ||     2
 Stab: Sleeping          |     7 |     2 ||     9
  Eat: Ration            |       |     1 ||     1
Armor: Animal skin       |    19 |     9 ||    28
       Skin              |       |    22 ||    22
Dodge: Dodged            |   187 |   118 ||   305

Table legend:
 A = Spawn XP
 B = Non-spawn XP
 C = Spawn XP percentage of total XP
 D = Spawn monster count
 E = Non-spawn monster count
 F = Spawn count percentage of total count
 G = Total turns spent on level
                    A         B        C        D         E        F      G
               +---------+---------+-------+---------+---------+-------+---------
         Total |       0 |     327 |   0.0 |       0 |      80 |   0.0 |  5609
               +---------+---------+-------+---------+---------+-------+---------
           D:1 |       0 |      56 |   0.0 |       0 |      30 |   0.0 |  2756
           D:2 |       0 |      89 |   0.0 |       0 |      22 |   0.0 |  1362
           D:3 |       0 |     179 |   0.0 |       0 |      27 |   0.0 |  1460
           D:4 |       0 |       3 |   0.0 |       0 |       1 |   0.0 |    31
               +---------+---------+-------+---------+---------+-------+---------
